 Dungeon Crawl Stone Soup version 0.30-a0-986-g7f2e898f52 (console) character file.

Game seed: 17148251671342682925

16 utis the Covered (level 2, -2/16 HPs)
             Began as a Tengu Wanderer on Apr 1, 2023.
             Slain by a kobold
             ... wielding a +0 short sword
              (4 damage)
             ... on level 1 of the Dungeon.
             The game lasted 00:02:08 (366 turns).

utis the Covered (Tengu Wanderer)                    Turns: 366, Time: 00:02:08

Health: -2/16      AC:  7    Str:  8    XL:     2   Next: 54%
Magic:  4/4        EV:  8    Int: 13    God:
Gold:   28         SH:  0    Dex: 16    Spells: 2/3 levels left

rFire   . . .      SeeInvis .    a - +2 sling
rCold   . . .      Faith    .    (no shield)
rNeg    . . .      Spirit   .    b - +0 scale mail
rPois   .          Reflect  .    (helmet restricted)
rElec   .          Rampage  .    (no cloak)
rCorr   .                        (no gloves)
Will    .....                    (boots unavailable) Stlth
                                 (no amulet)
HPRegen 0.22/turn                (no ring)
MPRegen 0.09/turn                (no ring)

@: no status effects
A: beak, talons 3
a: no special abilities


You were on level 1 of the Dungeon.
You visited 1 branch of the dungeon, and saw 1 of its levels.

You collected 28 gold pieces.

Inventory:

Hand Weapons
 a - a +2 sling (weapon)
Missiles
 d - 5 boomerangs
Armour
 b - a +0 scale mail (worn)
Scrolls
 c - a scroll of blinking
 g - a scroll of identify {unknown}
Potions
 e - a potion of invisibility
 f - a potion of might {unknown}
 h - a potion of degeneration {unknown}


   Skills:
 + Level 0.8 Fighting
 - Level 3.2 Ranged Weapons
 - Level 4.3 Armour
 + Level 1.0 Dodging
 - Level 1.0 Stealth
 - Level 1.0 Spellcasting
 * Level 1.9 Poison Magic


You had 2 spell levels left.
You knew the following spells:

 Your Spells              Type           Power      Damage    Failure   Level
z - Sting                 Tmut/Pois      12%        1d3       85%         1

Your spell library contained the following spells:

 Spells                   Type           Power      Damage    Failure   Level
 Mephitic Cloud           Conj/Pois/Air  2%         N/A       99%         3


Dungeon Overview and Level Annotations

Branches:
Dungeon (1/15)

Altars:


Innate Abilities, Weirdness & Mutations

You have a beak for a mouth.
You have claws for feet.


Message History

Deactivating autopickup; reactivate with Ctrl-A.
You see here a scroll labelled MOMNEU XAVOUT.
You shoot a sling bullet. The sling bullet hits the endoplasm.
You kill the endoplasm!
Your Dodging skill increases to level 1!
No target in view!
Something hits you.
No target in view!
Something hits you but does no damage. Something hits you.
* * * LOW HITPOINT WARNING * * *
Found a mace.
Something hits you but does no damage. Something hits you.
* * * LOW HITPOINT WARNING * * *
Something completely misses you.
You see here a jackal corpse.
Something hits you but does no damage. Something hits you.
* * * LOW HITPOINT WARNING * * *
Something hits you.
* * * LOW HITPOINT WARNING * * *
Something hits you.
* * * LOW HITPOINT WARNING * * *
Something hits you but does no damage. Something hits you but does no damage.
Something hits you but does no damage. Something hits you but does no damage.
Something hits you but does no damage. Something hits you but does no damage.
Something hits you.
* * * LOW HITPOINT WARNING * * *
Something hits you but does no damage. Something hits you.
* * * LOW HITPOINT WARNING * * *
A kobold appears from thin air!
Reactivating autopickup.
The kobold attacks as you move away!
The kobold hits you with a +0 short sword.
You die...

░..░.......†....░.....
░..░.░..░░░...░░░.░░░.
░..░.░..░░░...░ ░.░
░............░░ ░.░
░.......░░░░░░ ░.░
░.░░.░░.░░░░░░░░░.░
░.░░.░░.░░........░
░.░░..░.░░........░░░
░.░░░Q░.░░............
░....K..░........░░░░░
░░░░░.░░░........░ ░.░
░........░ ░.░ ░........░
░░░░░.░ ░.░░.░░.░░
░░░.....░ ░.......░
░░...░░░.░░░).....░░
░░░░░░░...░░░░░░░.)...░.░


You could see a kobold.

Vanquished Creatures
  2 bats (D:1)
  2 endoplasms (D:1)
  2 goblins (D:1)
  3 jackals (D:1)
  A quokka (D:1)
  2 ball pythons (D:1)
  A kobold (D:1)
13 creatures vanquished.

Notes
Turn   | Place    | Note
-------+----------+-------------------------------------------
     0 | D:1      | utis the Tengu Wanderer began the quest for the Orb.
     0 | D:1      | utis set off with the following items: a +2 sling, a +0
                  | scale mail, a scroll of blinking; and the following spell
                  | memorised: Sting; and the following spells available to
                  | memorise: Mephitic Cloud.
     0 | D:1      | Reached XP level 1. HP: 10/10 MP: 3/3
   179 | D:1      | Reached XP level 2. HP: 11/16 MP: 0/4
   331 | D:1      | Reached skill level 1 in Dodging
   366 | D:1      | Slain by a kobold

Illustrated notes

Levels and vault maps discovered:
D:1:      dpeg_arrival_houses_and_road, layout_loops_cross,
          minmay_misc_feat_secret_circle

Skill      XL: |  1  2 |
---------------+-------+-----
Dodging        | 1 |  1.0
Fighting       | |  0.8
Ranged Weapons | |  3.2
Armour         | |  4.3
Stealth        | |  1.0
Spellcasting   | |  1.0
Poison Magic   | |  1.9

Action                     || total
---------------------------++-------
   Fire: Sling             ||    36
 Armour: Scale mail        ||    22
  Dodge: Dodged            ||    10

Table legend: (Time is in decaauts)
 A = Elapsed time spent in this place.
 B = Non-inter-level travel time spent in this place.
 C = Inter-level travel time spent in this place.
 D = Time resting spent in this place.
 E = Time spent auto-exploring this place.
 F = Levels seen in this place.
 G = Mean time per level.
                   A        B        C        D        E       F      G
               +--------+--------+--------+--------+--------+-----+--------+
         Total |    386 |    386 |      0 |    118 |    146 |   1 |  386.0 |
       Dungeon |    386 |    386 |      0 |    118 |    146 |   1 |  386.0 |
               +--------+--------+--------+--------+--------+-----+--------+

Top non-repeatable levels by time:
     D:1: 386 daAuts
